 Dungeon Crawl Stone Soup version 0.18.1-6-gd335043 (webtiles) character file.

130 Moloch the Slasher (level 4, 0/31 HPs)
             Began as a High Elf Fighter on May 19, 2016.
             Slain by a worm (1 damage)
             ... while paralysed by Grinder
             ... on level 3 of the Dungeon.
             The game lasted 00:03:21 (3057 turns).

Moloch the Slasher (High Elf Fighter)               Turns: 3057, Time: 00:03:21

Health: 0/31       AC:  7    Str: 16    XL:     4   Next: 90%
Magic:  5/5        EV: -3    Int: 12    God:
Gold:   70         SH:  0    Dex: 14    Spells: 0 memorised, 3 levels left

rFire  . . .     SeeInvis .     a - +0 long sword
rCold  . . .     Gourm    .     b - +0 scale mail
rNeg   . . .     Faith    .     c - +0 shield
rPois  .         Spirit   .     x - +0 helmet (curse)
rElec  .         Dismiss  .     (no cloak)
rCorr  .         Reflect  .     (no gloves)
SustAt .         Harm     .     (no boots)
MR     .....                    (no amulet)
Stlth  ..........               (no ring)
                                (no ring)

@: paralysed, not resistant to hostile enchantments, extremely unstealthy
A: no striking features
a: no special abilities


You were on level 3 of the Dungeon.
You were not hungry.

You visited 1 branch of the dungeon, and saw 3 of its levels.

You collected 70 gold pieces.

Inventory:

Hand Weapons
 a - a +0 long sword (weapon)
Missiles
 h - 47 arrows
Armour
 b - a +0 scale mail (worn)
 c - a +0 shield (worn)
 x - a cursed +0 helmet (worn)
Jewellery
 o - an uncursed ring of fire
Wands
 w - a wand of teleportation (1/9)
Scrolls
 e - a scroll of teleportation {unknown}
 i - a scroll of remove curse {unknown}
 m - 4 scrolls of identify {unknown}
 p - a scroll of magic mapping {unknown}
 q - a scroll of blinking {unknown}
 r - a scroll of random uselessness {unknown}
 u - a scroll of holy word {unknown}
Potions
 d - a potion of might
 g - a potion of cancellation {unknown}
 j - 2 potions of curing
 l - a potion of resistance {unknown}
 n - a potion of invisibility {unknown}
 t - 2 potions of magic {unknown}
Comestibles
 f - a bread ration
 k - 2 meat rations
 s - a beef jerky
 v - 2 chunks of flesh


   Skills:
 - Level 3.0 Fighting
 + Level 6.2 Long Blades
 - Level 2.6 Armour
 - Level 2.6 Shields


You had 3 spell levels left.
You didn't know any spells.

Dungeon Overview and Level Annotations

Branches:
Dungeon (3/15)

Altars:

Annotations:
D:3 Grinder


Message History

Found 17 gold pieces.
There is a stone staircase leading up here.
Drink which item? (? for menu, Esc to quit)
Okay, then.
A rat comes into view.
The rat moves out of view.
Grinder gestures at you.
You suddenly lose the ability to move!
Grinder hits you.
You writhe in agony.
The bat hits you.
Grinder says, "Tell me all your secrets, or I'll kill you."
Grinder hits you.
You writhe in agony.
The bat hits you. Grinder hits you.
You writhe in agony.
* * * LOW HITPOINT WARNING * * *
The bat hits you.
* * * LOW HITPOINT WARNING * * *
Grinder hits you.
* * * LOW HITPOINT WARNING * * *
The bat hits you but does no damage. The worm bites you.
You die...

#.....#
#$....#
###.....#
......$..
........#
........#
........#
#...b@#
##..5w#
##.#.r
#.##.. #
... #...
....
.....


You could see Grinder, a worm, a bat and a rat.

Vanquished Creatures
  Robin (D:2)
  4 adders (D:2)
  A worm (D:2)
  6 dart slugs
  4 giant cockroaches
  17 goblins
  7 hobgoblins
  8 jackals
  3 ball pythons
  3 bats
  2 giant newts (D:2)
  2 kobolds (D:2)
  5 rats
63 creatures vanquished.

Notes
Turn   | Place    | Note
--------------------------------------------------------------
     0 | D:1      | Moloch the High Elf Fighter began the quest for the Orb.
     0 | D:1      | Reached XP level 1. HP: 16/16 MP: 2/2
    50 | D:1      | Reached skill level 3 in Long Blades
   178 | D:1      | Reached XP level 2. HP: 17/21 MP: 3/3
  1110 | D:2      | Reached skill level 4 in Long Blades
  1110 | D:2      | Reached XP level 3. HP: 13/26 MP: 4/4
  1746 | D:2      | Reached skill level 5 in Long Blades
  1873 | D:2      | Reached XP level 4. HP: 28/31 MP: 5/5
  2500 | D:2      | Noticed Robin
  2808 | D:2      | Reached skill level 6 in Long Blades
  3020 | D:2      | Killed Robin
  3050 | D:3      | Noticed Grinder
  3052 | D:3      | Paralysed by Grinder for 6 turns
  3056 | D:3      | HP: 1/31 [Grinder (6)]
  3057 | D:3      | Slain by a worm

Skill      XL: |  1  2  3  4 |
---------------+-------------+-----
Long Blades    | 3 4 5 6 |  6.2
Fighting       | |  3.0
Armour         | |  2.6
Shields        | |  2.6

Action                   |  1- 3 |  4- 6 || total
-------------------------+-------+-------++-------
Melee: Long sword        |   119 |   132 ||   251
  Eat: Chunk             |     2 |     5 ||     7
Armor: Scale mail        |    73 |    80 ||   153
Dodge: Dodged            |    26 |    37 ||    63
Block: Shield            |    52 |    86 ||   138
